AoeStats
← 水果湖一杯倒

Migration

510098752Analyzed
1v1 RM · 4d ago on Sep 29, 2026· 50m 10s· 2 players
Game mode
Random Map
Map size
132×132
Population
200
Speed
Normal
Resources
Standard
Victory
Conquest
Starting age
Dark Age
Ending age
Imperial Age
RankedLock teamsTeams togetherTeam positionsShared explorationLock speedFull tech treeHidden civsTurbo modeCheats
Victory
Defeat
🇨🇳 Vikings · China
1013
+16
🇧🇷 Chinese · Brazil
1007
-16
[RZ] Italo_Rafael
0:53 Loom
11:58 Feudal Age
12:47 Fishing Lines
20:33 Castle Age
18:46 Fletching
21:23 Gillnets
21:46 Medium Warships
21:43 Gillnets
23:01 Bodkin Arrow
24:14 Double-Bit Axe
24:23 Gold Mining
24:26 Stone Mining
27:58 Horse Collar
32:03 Padded Archer Armor
37:36 Imperial Age
40:43 Conscription
水果湖一杯倒
12:49 Feudal Age
12:25 Loom
13:24 Double-Bit Axe
13:23 Fishing Lines
13:36 Man-at-Arms
14:06 Town Watch
14:45 Gold Mining
16:33 Fletching
23:28 Castle Age
23:43 Stone Mining
24:14 Gillnets
24:35 Medium Warships
24:44 Bodkin Arrow
25:00 Padded Archer Armor
25:07 Town Patrol
25:23 Careening
25:24 Clinker Construction
28:08 Bow Saw
30:04 Ballistics
31:32 Masonry
37:18 Imperial Age
35:19 Treadmill Crane
35:36 Murder Holes
39:05 Chemistry
38:28 Carvel Hull
40:54 Bracer
40:55 Scale Mail Armor
41:05 Forging
41:58 Squires
41:44 Arson
43:15 Heavy Warships
45:06 Chain Mail Armor
45:27 Iron Casting
45:14 Elite Longship
48:59 Conscription
49:34 Siege Engineers
Connection lost

Rejoining the realm…

Still unreachable

The connection could not be restored.

Session expired

The server has moved on; the page needs a fresh start.